[Event "Titled Tuesday Blitz March 28 Early 2023"]
[White "Hardaway, Brewington"]
[Black "Novikov, Evgenij"]
[WhiteFideId "30941849"]
[BlackFideId "4125380"]
[WhiteElo "2159"]
[BlackElo "2242"]
[Result "1-0"]
[Round "10"]
[TimeControl "180+2"]
[Date "2023.03.28"]
[WhiteClock "0:01:40"]
[BlackClock "0:00:04"]

1. d4 d6 2. e4 c6 3. Nc3 Qc7 4. Nf3 Bg4 5. h3 Bh5 6. Be3 Nd7 7. g4 Bg6 8. Nh4 e5 9. dxe5 dxe5 10. Bg2 Bc5 11. Qd2 Ne7 12. O-O-O O-O-O 13. Nf5 Bxf5 14. exf5 f6 15. Ne4 Bxe3 16. Qxe3 Kb8 17. c4 Nb6 18. b3 h5 19. Nc5 Qc8 20. Ne6 Rxd1+ 21. Rxd1 hxg4 22. hxg4 g6 23. Qc5 Nxf5 24. gxf5 gxf5 25. Qd6+ Ka8 26. Nc7+ Kb8 27. Nd5+ Ka8 28. Nxf6 e4 29. c5 Nd5 30. Nxd5 cxd5 31. Qxd5 Rf8 32. Bh3 a6 33. Kb1 Ka7 34. Bf1 Qc7 35. Qd6 Qg7 36. Qb6+ Ka8 37. c6 Rb8 38. cxb7+ Qxb7 39. Qxa6+ Qxa6 40. Bxa6 Re8 41. Bb5 Re5 42. Rd5 Rxd5 43. Bc6+ Kb8 44. Bxd5 Kc7 45. Kc2 Kd6 46. Bxe4 fxe4 47. Kd2 Ke5 48. Ke3 1-0


[Site "https://www.chess.com"]

[Event "Titled Tuesday Blitz March 28 Early 2023"]
[White "Vaibhav Jayant Raut"]
[Black "Ljukin, Sergei"]
[WhiteFideId "5089034"]
[BlackFideId "14102200"]
[WhiteElo "2156"]
[BlackElo "2312"]
[Result "1-0"]
[Round "10"]
[TimeControl "180+2"]
[Date "2023.03.28"]
[WhiteClock "0:01:54"]
[BlackClock "0:00:14"]

1. Nf3 d5 2. g3 Nc6 3. d4 Bg4 4. Bg2 Qd7 5. h3 Bxf3 6. Bxf3 O-O-O 7. c3 e5 8. dxe5 Nxe5 9. Bg2 Nf6 10. O-O Ne4 11. Nd2 f5 12. Nxe4 fxe4 13. Bf4 Ng6 14. Bg5 Be7 15. Bxe7 Qxe7 16. Qa4 Kb8 17. Rad1 h5 18. h4 Ne5 19. f4 Ng4 20. Qd4 c5 21. Qd2 d4 22. cxd4 cxd4 23. Rfe1 Rhe8 24. Qa5 Qd6 25. e3 d3 26. Qxh5 Nxe3 27. Rxe3 Qc5 28. Qxc5 1-0


[Site "https://www.chess.com"]

[Event "Titled Tuesday Blitz March 28 Early 2023"]
[White "Miszler, Levente"]
[Black "Khumalo, Keith"]
[WhiteFideId "763276"]
[BlackFideId "14319470"]
[WhiteElo "2176"]
[BlackElo "2056"]
[Result "0-1"]
[Round "10"]
[TimeControl "180+2"]
[Date "2023.03.28"]
[WhiteClock "0:00:39"]
[BlackClock "0:01:18"]

1. Nf3 c5 2. c4 Nc6 3. Nc3 g6 4. g3 Bg7 5. Bg2 d6 6. O-O e6 7. a3 Nge7 8. Rb1 O-O 9. b4 Rb8 10. b5 Na5 11. Qa4 b6 12. Bb2 Bb7 13. d3 d5 14. cxd5 exd5 15. Rfd1 d4 16. Ne4 Bd5 17. Ned2 Qd7 18. e3 dxe3 19. fxe3 Bxb2 20. Rxb2 Ba8 21. Qh4 Nf5 22. Qf6 Qxd3 23. Re1 Qd6 24. Qg5 h6 25. Qg4 Rfe8 26. e4 Nd4 27. e5 Qd8 28. Ne4 Nxf3+ 29. Bxf3 Qd4+ 30. Rf2 Qxe5 31. Rfe2 Qd4+ 32. Kg2 Kg7 33. Qf4 Nc4 34. Qc7 Ne5 35. Qxa7 Nxf3 36. Kxf3 Rxe4 37. Rxe4 Qd3+ 38. Re3 Bxe4+ 39. Kf4 Qf1+ 40. Kxe4 Qf5# 0-1


[Site "https://www.chess.com"]

[Event "Titled Tuesday Blitz March 28 Early 2023"]
[White "Valgmae, Toomas"]
[Black "Kaidanov, Gregory"]
[WhiteFideId "4502523"]
[BlackFideId "2008564"]
[WhiteElo "2170"]
[BlackElo "2547"]
[Result "0-1"]
[Round "10"]
[TimeControl "180+2"]
[Date "2023.03.28"]
[WhiteClock "0:00:01"]
[BlackClock "0:00:52"]

1. d4 d5 2. c4 e6 3. Nc3 c6 4. e4 dxe4 5. Nxe4 Bb4+ 6. Nc3 c5 7. dxc5 Qxd1+ 8. Kxd1 Bxc5 9. Ne4 Be7 10. Bf4 Nf6 11. Nd6+ Bxd6 12. Bxd6 Ne4 13. Bg3 Nc6 14. Bd3 Nxg3 15. hxg3 e5 16. Be4 Be6 17. Bxc6+ bxc6 18. b3 O-O-O+ 19. Ke2 e4 20. Nh3 Bg4+ 21. Ke3 Rd3+ 22. Kf4 h5 23. Rhe1 f6 24. Kxe4 Rhd8 25. Kf4 R8d4+ 26. Re4 g5+ 27. Nxg5 fxg5+ 28. Ke5 Rxe4+ 29. Kxe4 Rd2 30. f3 Bd7 31. Rh1 Rxg2 32. Rxh5 Rxg3 33. Kd4 Kc7 34. Kc5 Rg2 35. a4 a5 36. b4 axb4 37. Kxb4 Rg3 38. a5 Rxf3 39. Rxg5 Rf1 40. Rg6 Rb1+ 41. Kc5 Ra1 42. Kb4 Rf1 43. Rh6 Rf5 44. Rg6 c5+ 45. Kb3 Rf3+ 46. Kb2 Re3 47. Rb6 Re6 48. Rb3 Ra6 49. Ra3 Kc6 50. Kc3 Be6 51. Ra1 Ra8 52. Ra2 Bc8 0-1


[Site "https://www.chess.com"]

[Event "Titled Tuesday Blitz March 28 Early 2023"]
[White "Hindermann, Felix"]
[Black "Alex_Sahakyan2006"]
[WhiteFideId "1305212"]
[WhiteElo "2206"]
[BlackElo "2598"]
[Result "1/2-1/2"]
[Round "10"]
[TimeControl "180+2"]
[Date "2023.03.28"]
[WhiteClock "0:00:05"]
[BlackClock "0:00:18"]

1. e4 Nc6 2. Nf3 d6 3. d4 Nf6 4. d5 Nb8 5. Bd3 g6 6. h3 Bg7 7. O-O O-O 8. Re1 c6 9. c4 Na6 10. Nc3 Nb4 11. Bb1 a5 12. a3 Na6 13. Be3 Qc7 14. Bd4 e5 15. dxe6 Bxe6 16. e5 dxe5 17. Bxe5 Qb6 18. Na4 Qa7 19. c5 Rad8 20. Qc1 Bd5 21. Nb6 Bxf3 22. gxf3 Rfe8 23. f4 Nd5 24. Bxg7 Kxg7 25. Rxe8 Rxe8 26. Nxd5 cxd5 27. b4 Qb8 28. Bd3 d4 29. Bxa6 bxa6 30. c6 Rc8 31. Qc4 Qxf4 32. Rd1 axb4 33. Qxa6 Rd8 34. axb4 Rd5 35. Qe2 Rg5+ 36. Kf1 Qh2 37. Ke1 Rg1+ 38. Kd2 Qf4+ 39. Kc2 Qf5+ 40. Kb2 Rg2 41. Qd3 Rxf2+ 42. Ka1 Rc2 43. Qxd4+ Kh6 44. Qh4+ Kg7 45. Qd4+ Kg8 46. Qd8+ Kg7 47. Qd4+ 1/2-1/2


[Site "https://www.chess.com"]

[Event "Titled Tuesday Blitz March 28 Early 2023"]
[White "Raahul V S"]
[Black "Perez Rodriguez, Jennifer"]
[WhiteFideId "25035525"]
[BlackFideId "3507831"]
[WhiteElo "2168"]
[BlackElo "2170"]
[Result "1-0"]
[Round "10"]
[TimeControl "180+2"]
[Date "2023.03.28"]
[WhiteClock "0:01:48"]
[BlackClock "0:01:06"]

1. c4 e6 2. g3 d5 3. Bg2 c6 4. b3 Nf6 5. Nf3 Bd6 6. Bb2 O-O 7. O-O Qe7 8. d4 Nbd7 9. Nc3 Ba3 10. Bxa3 Qxa3 11. Qd3 b6 12. e4 dxe4 13. Nxe4 Bb7 14. Ne5 Nxe5 15. Nxf6+ gxf6 16. dxe5 fxe5 17. Qe3 Qa5 18. Rad1 Kh8 19. Rd7 Rab8 20. Qh6 Qc5 21. Be4 1-0


[Site "https://www.chess.com"]

[Event "Titled Tuesday Blitz March 28 Early 2023"]
[White "Priyanka Nutakki"]
[Black "Silva Lucena, Cristian"]
[WhiteFideId "25049615"]
[BlackFideId "2232588"]
[WhiteElo "2256"]
[BlackElo "2223"]
[Result "0-1"]
[Round "10"]
[TimeControl "180+2"]
[Date "2023.03.28"]
[WhiteClock "0:00:08"]
[BlackClock "0:00:17"]

1. d4 d5 2. Nf3 e6 3. Bf4 c6 4. h3 Bd6 5. e3 Qc7 6. Ne5 Nd7 7. Nxd7 Bxd7 8. Qg4 g6 9. Bxd6 Qxd6 10. c3 O-O-O 11. Nd2 e5 12. Qg3 f6 13. e4 dxe4 14. Nxe4 Qd5 15. Bd3 f5 16. Nd2 exd4 17. Bc4 Re8+ 18. Kf1 Qc5 19. Rc1 Nf6 20. Kg1 dxc3 21. Rxc3 Qd4 22. Rd3 Qxb2 23. Qd6 Qa1+ 24. Nf1 Qe5 25. Qa3 Kb8 26. Bf7 Ref8 27. Bc4 Bc8 28. Re3 Ne4 29. f3 Qd4 30. fxe4 f4 31. Qd3 Qc5 32. Kh2 fxe3 33. Nxe3 Qe5+ 34. Kg1 Rd8 35. Qe2 Qxe4 36. Kh2 Rhe8 37. Re1 Qf4+ 38. g3 Qd4 39. Qf2 Rxe3 40. Rxe3 Qxc4 41. Re7 Qd5 42. Rxh7 Qd2 43. Rf7 Qxf2+ 44. Rxf2 Bf5 45. g4 Be4 46. Kg3 c5 47. Re2 Bd3 48. Re7 c4 49. Kf2 c3 50. Ke1 Bb1 0-1


[Site "https://www.chess.com"]

[Event "Titled Tuesday Blitz March 28 Early 2023"]
[White "Gutkin, Ilya"]
[Black "Dino_Ballecer"]
[WhiteFideId "16203470"]
[WhiteElo "2265"]
[BlackElo "2585"]
[Result "0-1"]
[Round "10"]
[TimeControl "180+2"]
[Date "2023.03.28"]
[WhiteClock "0:00:02"]
[BlackClock "0:00:13"]

1. Nf3 Nf6 2. g3 g6 3. b3 Bg7 4. Bb2 O-O 5. Bg2 d5 6. c4 c6 7. O-O e6 8. d3 Nbd7 9. a3 b6 10. b4 a5 11. Nbd2 Bb7 12. Qb3 c5 13. Ne5 dxc4 14. Nexc4 Bxg2 15. Kxg2 axb4 16. axb4 Qc7 17. bxc5 Qxc5 18. Nf3 Qc6 19. Ne5 Nxe5 20. Bxe5 Rxa1 21. Rxa1 Nd5 22. Bxg7 Kxg7 23. Qb2+ Qc3 24. Qxc3+ Nxc3 25. Kf1 b5 26. Ra7 Rb8 27. Ne5 b4 28. Rxf7+ Kg8 29. Rc7 b3 30. Nc4 Nd5 31. Rc6 b2 32. Nxb2 Rxb2 33. Rxe6 Kf7 34. Re5 Nf6 35. h3 h5 36. f4 Nd7 37. Ra5 Rb4 38. Kg2 h4 39. Kf3 hxg3 40. Kxg3 Nf6 41. e3 Rb3 42. Ra7+ Kf8 43. Ra8+ Ke7 44. Ra7+ Nd7 45. Ra6 Nf8 46. Ra7+ Kf6 47. Ra6+ Ke7 48. Ra7+ Nd7 49. Ra6 Rxd3 50. Rxg6 Rxe3+ 51. Kg4 Nf6+ 52. Kf5 Ne8 53. Ra6 Rxh3 54. Ra7+ Kf8 55. Ke5 Re3+ 56. Kf5 Nd6+ 57. Kf6 Ne8+ 58. Kf5 Rb3 59. Ra8 Rb7 60. Kg5 Kf7 61. f5 Nf6 62. Ra6 Ne4+ 63. Kf4 Nc5 64. Rc6 Rb4+ 65. Kg5 Ne4+ 66. Kf4 Nf6+ 67. Kg5 Rg4+ 68. Kh6 Ne8 69. Kh5 Rg1 70. Kh4 Ng7 71. Kh3 Nxf5 72. Kh2 Rg8 73. Kh3 Ne7 74. Ra6 Nd5 75. Kh2 Nf4 76. Kh1 Ne6 77. Kh2 Kf6 78. Kh3 Kf5 79. Ra5+ Kf4 80. Ra4+ Kf3 81. Ra3+ Ke4 82. Ra4+ Nd4 83. Kh4 Ke3 84. Ra3+ Kf4 85. Kh5 Rg5+ 86. Kh6 Nf5+ 87. Kh7 Rg7+ 88. Kh8 Rb7 89. Ra4+ Kg5 90. Ra6 Nh4 91. Kg8 Nf5 92. Kf8 Nd4 93. Ke8 Rh7 94. Kf8 Kf5 95. Ke8 Rb7 96. Kd8 Ke5 97. Kc8 Rh7 98. Kd8 Ne6+ 99. Kc8 Kd5 100. Kb8 Rh8+ 101. Kb7 Nc5+ 0-1


[Site "https://www.chess.com"]

[Event "Titled Tuesday Blitz March 28 Early 2023"]
[White "Vadim_Galchenko"]
[Black "Martic, Ivan"]
[BlackFideId "929301"]
[WhiteElo "2359"]
[BlackElo "2360"]
[Result "0-1"]
[Round "10"]
[TimeControl "180+2"]
[Date "2023.03.28"]
[WhiteClock "0:00:28"]
[BlackClock "0:00:04"]

1. e4 c5 2. a3 g6 3. b4 Bg7 4. Nc3 d6 5. g3 Nc6 6. Rb1 Nf6 7. Bg2 O-O 8. Nge2 e5 9. O-O Nd4 10. d3 Rb8 11. Nd5 Nxd5 12. exd5 Bg4 13. f3 Bd7 14. c3 Ba4 15. Qd2 Nb3 16. Qc2 Nxc1 17. Qxc1 Bd7 18. c4 b5 19. bxc5 dxc5 20. Nc3 b4 21. Ne4 bxa3 22. Qxa3 f5 23. Nxc5 Qe7 24. Qxa7 Rxb1 25. Rxb1 e4 26. Qxd7 Qxc5+ 27. Kh1 exd3 28. Qe6+ Kh8 29. d6 d2 30. Rd1 Qf2 31. d7 Bc3 32. c5 Qe1+ 33. Rxe1 dxe1=Q+ 34. Qxe1 Bxe1 35. c6 Ba5 36. Bf1 Bc7 37. Ba6 Kg7 38. g4 Kf6 39. Kg2 fxg4 40. fxg4 Ke7 41. h4 Kd6 42. Bb7 Rf4 0-1


[Site "https://www.chess.com"]

[Event "Titled Tuesday Blitz March 28 Early 2023"]
[White "Rodriguez Santiago, Jaime"]
[Black "Souleidis, Georgios"]
[WhiteFideId "3100898"]
[BlackFideId "4206827"]
[WhiteElo "2025"]
[BlackElo "2401"]
[Result "0-1"]
[Round "10"]
[TimeControl "180+2"]
[Date "2023.03.28"]
[WhiteClock "0:00:08"]
[BlackClock "0:00:08"]

1. c4 e5 2. Nc3 Nc6 3. g3 Bc5 4. Bg2 a6 5. Nf3 d6 6. e3 Nf6 7. h3 O-O 8. O-O h6 9. b3 Ba7 10. d4 exd4 11. exd4 Re8 12. Bb2 Bf5 13. a3 Qd7 14. Kh2 Ne4 15. Nxe4 Bxe4 16. d5 Ne7 17. Nd4 Bxg2 18. Kxg2 Nf5 19. Qd3 Nxd4 20. Bxd4 Bxd4 21. Qxd4 Re2 22. Rad1 Rae8 23. Rd3 Qf5 24. Rf3 Qd7 25. b4 b6 26. Rc1 R8e4 27. Qd3 Qe7 28. c5 bxc5 29. bxc5 a5 30. cxd6 cxd6 31. Rc8+ Kh7 32. Rf4 g6 33. Qc3 Re5 34. Rc7 Qe8 35. Rfxf7+ Kg8 36. Rg7+ Kf8 37. Rh7 Kg8 38. Rcg7+ Kf8 39. Qc7 Rxf2+ 40. Kxf2 Re2+ 41. Kf1 Re1+ 42. Kg2 Qe2# 0-1


[Site "https://www.chess.com"]

[Event "Titled Tuesday Blitz March 28 Early 2023"]
[White "Yaniuk, Volodymyr"]
[Black "Mika, Tomasz"]
[WhiteFideId "14133083"]
[BlackFideId "1132970"]
[WhiteElo "2141"]
[BlackElo "2179"]
[Result "1-0"]
[Round "10"]
[TimeControl "180+2"]
[Date "2023.03.28"]
[WhiteClock "0:00:16"]
[BlackClock "0:00:01"]

1. d4 d6 2. c4 Nf6 3. Nc3 g6 4. e4 c5 5. Nf3 cxd4 6. Nxd4 Bg7 7. Be2 O-O 8. O-O Nc6 9. Nc2 Bd7 10. b3 a6 11. Rb1 Rb8 12. Bg5 h6 13. Bh4 Ne5 14. h3 g5 15. Bg3 b5 16. c5 Qc7 17. Bxe5 dxe5 18. b4 Bc6 19. f3 Rfd8 20. Qc1 Nh5 21. Rd1 e6 22. Qe3 Nf4 23. Bf1 Rd7 24. Rxd7 Qxd7 25. Rd1 Qc7 26. Na1 Rd8 27. Rd2 Rd4 28. a3 Qd8 29. Nb3 Rxd2 30. Qxd2 Qc7 31. Na5 Bf8 32. Nxc6 Qxc6 33. Na2 Kg7 34. Nc1 Be7 35. Nb3 Qc7 36. g3 Ng6 37. Kg2 h5 38. Kf2 h4 39. Na1 hxg3+ 40. Kxg3 Nf4 41. Nc2 Kg6 42. Ne3 Qc8 43. Ng4 f6 44. Kf2 Qc7 45. Ne3 Qc8 46. Ng4 Qc7 47. Kg3 f5 48. Nf2 Qc8 49. Bd3 Qh8 50. exf5+ exf5 51. Qc2 Qh4+ 52. Kh2 Kg7 53. Bxf5 e4 54. Nxe4 g4 55. Bxg4 1-0


[Site "https://www.chess.com"]

[Event "Titled Tuesday Blitz March 28 Early 2023"]
[White "Kosteniuk, Alexandra"]
[Black "Zaragatski, Ilja"]
[WhiteFideId "4128125"]
[BlackFideId "4655192"]
[WhiteElo "2453"]
[BlackElo "2460"]
[Result "0-1"]
[Round "10"]
[TimeControl "180+2"]
[Date "2023.03.28"]
[WhiteClock "0:00:02"]
[BlackClock "0:00:04"]

1. e4 e6 2. d4 d5 3. Nc3 Nc6 4. exd5 exd5 5. Nf3 Bb4 6. Bb5 Ne7 7. O-O O-O 8. h3 a6 9. Bd3 Bf5 10. Bg5 Qd7 11. Qd2 Bxd3 12. Qxd3 f6 13. Bf4 Nf5 14. a3 Bxc3 15. Qxc3 Rae8 16. Rae1 Re4 17. Be3 Rfe8 18. Nd2 R4e6 19. Nb3 b6 20. Qd3 Nxe3 21. fxe3 a5 22. Rf3 Nd8 23. c4 Nf7 24. cxd5 Qxd5 25. Rf5 Qd7 26. e4 Nd6 27. Rf4 g5 28. Rg4 h5 29. Rg3 Nxe4 30. Rge3 Qd5 31. Nd2 f5 32. Nf3 f4 33. R3e2 Ng3 34. Rxe6 Rxe6 35. Re5 Rxe5 36. Qg6+ Kf8 37. Qf6+ Ke8 38. Qh8+ Ke7 39. Qg7+ Kd8 40. Qxe5 Qxe5 41. dxe5 g4 42. hxg4 hxg4 43. Nd4 Ke7 44. Kf2 Ne4+ 45. Ke2 c5 46. Nf5+ Ke6 47. Nh6 Kxe5 48. Nxg4+ Kd4 49. Kf3 c4 50. Kxf4 b5 51. Ne3 Nf6 52. Nf5+ Kd3 53. Nd6 b4 54. axb4 axb4 55. Ke5 Ng4+ 56. Kf4 Nf6 0-1


[Site "https://www.chess.com"]

[Event "Titled Tuesday Blitz March 28 Early 2023"]
[White "Karolczuk, Iwo"]
[Black "Vovk, Orest"]
[WhiteFideId "21816972"]
[BlackFideId "14113490"]
[WhiteElo "2348"]
[BlackElo "2215"]
[Result "1-0"]
[Round "10"]
[TimeControl "180+2"]
[Date "2023.03.28"]
[WhiteClock "0:01:05"]
[BlackClock "0:01:09"]

1. a4 g5 2. b4 Bg7 3. Ra3 h5 4. h4 g4 5. a5 d5 6. g3 e5 7. Bg2 f5 8. e3 Nf6 9. Ne2 O-O 10. d4 Qe7 11. dxe5 Qxe5 12. Rd3 c6 13. Nbc3 Ne4 14. Bb2 Qe7 15. Nf4 Qxb4 16. Qa1 Nc5 17. O-O Nxd3 18. cxd3 Na6 19. Nxh5 Bh8 20. Rb1 Nc5 21. Nxd5 Bxb2 22. Rxb2 Qa4 23. Ra2 1-0


[Site "https://www.chess.com"]

[Event "Titled Tuesday Blitz March 28 Early 2023"]
[White "Bruedigam, Martin"]
[Black "Korchmar, Vasiliy"]
[WhiteFideId "24608033"]
[BlackFideId "24131750"]
[WhiteElo "2331"]
[BlackElo "2370"]
[Result "0-1"]
[Round "10"]
[TimeControl "180+2"]
[Date "2023.03.28"]
[WhiteClock "0:00:01"]
[BlackClock "0:00:14"]

1. d4 d5 2. c4 c6 3. Nc3 Nf6 4. Nf3 e6 5. e3 Nbd7 6. Qc2 Bd6 7. b3 O-O 8. Be2 b6 9. O-O Bb7 10. Bb2 Qe7 11. Rad1 Rad8 12. Rfe1 Rfe8 13. h3 c5 14. cxd5 exd5 15. dxc5 bxc5 16. Nh4 Qe5 17. g3 Qg5 18. Nf3 Qh6 19. Nb5 Bb8 20. Qf5 d4 21. exd4 Be4 22. Qg5 Qxh3 23. dxc5 Ne5 24. Bxe5 Rxd1 25. Rxd1 Bxe5 26. Nd6 Bxd6 27. cxd6 Bc6 28. Bf1 Qe6 29. Nd4 Qxd6 30. Nf5 Qf8 31. Rd6 Ne4 32. Qf4 Nxd6 33. Nxd6 Rd8 34. Nf5 Rd1 35. Ne3 Ra1 36. a4 Ba8 37. Kh2 g6 38. Bg2 Bxg2 39. Kxg2 Qa8+ 40. Kh3 Rh1+ 41. Kg4 h5+ 42. Kg5 Qd8+ 43. Kh6 Qf8+ 0-1


[Site "https://www.chess.com"]

[Event "Titled Tuesday Blitz March 28 Early 2023"]
[White "Golubev, Mikhail"]
[Black "Rozman, Levy"]
[WhiteFideId "14100983"]
[BlackFideId "2039877"]
[WhiteElo "2374"]
[BlackElo "2376"]
[Result "0-1"]
[Round "10"]
[TimeControl "180+2"]
[Date "2023.03.28"]
[WhiteClock "0:00:11"]
[BlackClock "0:01:16"]

1. e4 c6 2. d4 d5 3. e5 c5 4. dxc5 e6 5. Nf3 Nd7 6. c4 Bxc5 7. cxd5 Qb6 8. Qc2 exd5 9. Bd3 Ne7 10. O-O h6 11. Nc3 O-O 12. Na4 Qc6 13. Nxc5 Nxc5 14. Nd4 Qb6 15. Bh7+ Kh8 16. Be3 f5 17. exf6 Qxf6 18. Qxc5 Kxh7 19. Rfe1 b6 20. Qc7 Ng6 21. Rad1 Rf7 22. Qg3 Bd7 23. Nf3 Re8 24. Bd4 Qf5 25. Rxe8 Bxe8 26. Re1 Bb5 27. Qh4 Nxh4 28. Nxh4 Qg4 0-1


[Site "https://www.chess.com"]

[Event "Titled Tuesday Blitz March 28 Early 2023"]
[White "Shapiro, Viktor"]
[Black "Kucuksari, Kaan"]
[WhiteFideId "4175700"]
[BlackFideId "6380166"]
[WhiteElo "2152"]
[BlackElo "2364"]
[Result "1-0"]
[Round "10"]
[TimeControl "180+2"]
[Date "2023.03.28"]
[WhiteClock "0:00:19"]
[BlackClock "0:00:03"]

1. c4 e5 2. Nc3 Nc6 3. g3 f5 4. Bg2 Nf6 5. d3 Be7 6. Rb1 O-O 7. Nf3 d6 8. O-O a5 9. a3 Be6 10. b4 axb4 11. axb4 h6 12. b5 Nb8 13. Nh4 c6 14. bxc6 bxc6 15. Rb7 Bc8 16. Rxe7 Qxe7 17. Ng6 Qf7 18. Nxf8 Qxf8 19. Qb3 Be6 20. Ba3 Nfd7 21. Rb1 Kh7 22. e3 e4 23. dxe4 Ne5 24. exf5 Bxc4 25. Qb4 c5 26. Qb2 Nd3 27. Qa1 Ra7 28. Be4 Qf6 29. Rxb8 d5 30. Bg2 Qxf5 31. f4 Qe6 32. e4 d4 33. Nb5 Bxb5 34. Rxb5 Qa6 35. Qb1 Qxa3 36. e5 c4 37. Be4+ Kg8 38. Rb8+ Kf7 39. Rb7+ Kf8 40. Rxa7 Qxa7 41. Bxd3 cxd3 42. Qxd3 Qa1+ 43. Kf2 Qb2+ 44. Kf3 Qa1 45. Ke4 Qh1+ 46. Kxd4 Qxh2 47. Qf5+ Ke7 48. Qd3 Qf2+ 49. Ke4 Qg2+ 50. Kf5 Qh3+ 51. Kg6 Qg4+ 52. Kh7 Kf7 53. Qd5+ Kf8 54. Qc5+ Kf7 55. Qc4+ Kf8 56. Qb4+ Kf7 57. Qb3+ Kf8 58. Qd3 Kf7 59. Qc4+ Kf8 60. Qc5+ Kf7 61. Qd5+ Kf8 62. e6 Ke7 63. Qd7+ Kf6 64. Qf7# 1-0


[Site "https://www.chess.com"]

[Event "Titled Tuesday Blitz March 28 Early 2023"]
[White "Bas Mas, Jose Joaquin"]
[Black "Belozerov, Andrei"]
[WhiteFideId "22219064"]
[BlackFideId "4120213"]
[WhiteElo "2233"]
[BlackElo "2360"]
[Result "1-0"]
[Round "10"]
[TimeControl "180+2"]
[Date "2023.03.28"]
[WhiteClock "0:00:42"]
[BlackClock "0:00:03"]

1. e4 e5 2. Bc4 Nf6 3. d3 Nc6 4. Nc3 Na5 5. Bb3 Nxb3 6. axb3 d5 7. exd5 Nxd5 8. Qf3 Bb4 9. Ne2 O-O 10. O-O Be6 11. Qg3 f6 12. Nxd5 Qxd5 13. f4 e4 14. dxe4 Qxe4 15. Nc3 Qxc2 16. Be3 Bxb3 17. f5 Bd6 18. Bf4 Bxf4 19. Rxf4 Rad8 20. Rg4 Rf7 21. Re1 Qxf5 22. Ne4 Bd5 23. Rf4 Qg6 24. Rg4 Qf5 25. Rf4 Bxe4 26. Rxf5 Bxf5 27. Qb3 b6 28. Re7 Bg6 29. Rxc7 Ra8 30. Qd5 Re8 31. Rxa7 h6 32. h4 Re5 33. Qd8+ Kh7 34. Rxf7 Bxf7 35. Qxb6 Re2 36. Qd4 Bg6 37. g4 Be4 38. Kf1 Rc2 39. Qxe4+ 1-0


[Site "https://www.chess.com"]

[Event "Titled Tuesday Blitz March 28 Early 2023"]
[White "Sochacki, Christophe"]
[Black "Vafin, Ayrat"]
[WhiteFideId "662569"]
[BlackFideId "4146530"]
[WhiteElo "2474"]
[BlackElo "2317"]
[Result "1-0"]
[Round "10"]
[TimeControl "180+2"]
[Date "2023.03.28"]
[WhiteClock "0:00:24"]
[BlackClock "0:00:05"]

1. f4 d5 2. Nf3 Nf6 3. g3 Bg4 4. Bg2 Nbd7 5. O-O Bxf3 6. Rxf3 e6 7. d3 Bc5+ 8. e3 e5 9. fxe5 Nxe5 10. Rf5 Neg4 11. d4 Be7 12. c4 Nh6 13. Rg5 O-O 14. cxd5 Ne4 15. Re5 Nf6 16. e4 c6 17. Nc3 Nd7 18. Rh5 cxd5 19. Nxd5 Nf6 20. Nxf6+ Bxf6 21. Be3 Qd7 22. e5 Be7 23. Bxh6 gxh6 24. Qd2 Bg5 25. Qf2 Rad8 26. Rd1 Qe7 27. h4 Qxe5 28. dxe5 1-0


[Site "https://www.chess.com"]

[Event "Titled Tuesday Blitz March 28 Early 2023"]
[White "Chan, Kim Yew"]
[Black "Al-Tarboush, Ward"]
[WhiteFideId "5717981"]
[BlackFideId "7601450"]
[WhiteElo "2206"]
[BlackElo "2257"]
[Result "0-1"]
[Round "10"]
[TimeControl "180+2"]
[Date "2023.03.28"]
[WhiteClock "0:00:10"]
[BlackClock "0:00:47"]

1. Nf3 c5 2. c4 Nc6 3. b3 Nf6 4. Bb2 e6 5. e3 d5 6. cxd5 exd5 7. Bb5 Be7 8. O-O O-O 9. d4 Bg4 10. dxc5 Ne4 11. Be2 Bxc5 12. Nc3 Nxc3 13. Bxc3 Rc8 14. Rc1 Qd6 15. Nd4 Bxe2 16. Nxe2 Rfd8 17. Qd2 Ba3 18. Bb2 Bb4 19. Qd3 a6 20. Rfd1 Ba5 21. Nd4 Bc7 22. g3 Ne5 23. Qe2 Qg6 24. Nf3 Ng4 25. Kg2 h5 26. h4 Re8 27. Bd4 Qe4 28. Qd3 Qe7 29. Rc2 Bb8 30. Rdc1 Rxc2 31. Rxc2 g6 32. Bb2 Qd6 33. Qd4 f6 34. Rd2 Nxe3+ 35. Kg1 Ng4 36. Qxd5+ Qxd5 37. Rxd5 Ba7 38. Bd4 Bxd4 39. Rxd4 Re2 40. Rd2 Re6 41. Rc2 Rd6 42. Kf1 Rd1+ 43. Ke2 Ra1 44. Nd4 Kf7 45. a4 Ne5 46. Rc7+ Kg8 47. Rxb7 Ra2+ 48. Ke3 Ng4+ 49. Ke4 Nxf2+ 50. Kd5 Nd3 51. Ke6 Nc5+ 0-1


[Site "https://www.chess.com"]

[Event "Titled Tuesday Blitz March 28 Early 2023"]
[White "Lorenzo De La Riva, Lazaro"]
[Black "Kim, Sergey"]
[WhiteFideId "2268809"]
[BlackFideId "13700570"]
[WhiteElo "2294"]
[BlackElo "2613"]
[Result "1-0"]
[Round "10"]
[TimeControl "180+2"]
[Date "2023.03.28"]
[WhiteClock "0:00:12"]
[BlackClock "0:00:11"]

1. d4 Nf6 2. Bf4 g6 3. Nc3 d6 4. e4 c6 5. Qd2 b5 6. Bd3 b4 7. Nce2 a5 8. Nf3 Qc7 9. e5 Nd5 10. exd6 exd6 11. Bg3 Bg7 12. O-O O-O 13. c4 bxc3 14. bxc3 Bg4 15. Ng5 Na6 16. Ne4 Rfd8 17. c4 Ndb4 18. c5 Nxd3 19. Qxd3 Nb4 20. Qd2 Bxe2 21. Bxd6 Qd7 22. Qxe2 Bxd4 23. Rad1 Bg7 24. Be5 Qe6 25. Bxg7 Kxg7 26. Qb2+ f6 27. Nd6 Rd7 28. Rfe1 Qg4 29. h3 Qg5 30. Ne4 Rxd1 31. Rxd1 Qe5 32. Rd7+ Kh6 33. Qxe5 fxe5 34. h4 Kh5 35. Rxh7+ Kg4 36. Rf7 Kxh4 37. Kh2 Kg4 38. f3+ Kh5 39. Rh7# 1-0


[Site "https://www.chess.com"]

[Event "Titled Tuesday Blitz March 28 Early 2023"]
[White "Rosen, Eric"]
[Black "Shukhman, Anna"]
[WhiteFideId "2032562"]
[BlackFideId "54180058"]
[WhiteElo "2331"]
[BlackElo "2125"]
[Result "1-0"]
[Round "10"]
[TimeControl "180+2"]
[Date "2023.03.28"]
[WhiteClock "0:00:08"]
[BlackClock "0:00:11"]

1. e4 c5 2. Nc3 e6 3. f4 d5 4. Nf3 Nf6 5. Bb5+ Bd7 6. Bxd7+ Qxd7 7. Qe2 Nc6 8. d3 Be7 9. e5 Ng8 10. O-O h5 11. Qe1 Nh6 12. Ne2 Nf5 13. Ng3 g6 14. c3 h4 15. Nxf5 gxf5 16. Be3 h3 17. g3 d4 18. cxd4 cxd4 19. Bd2 O-O-O 20. Qf2 Kb8 21. a3 Qd5 22. b4 Rc8 23. Rfc1 Rhd8 24. Ne1 a6 25. Qf3 Na7 26. Qxd5 Rxd5 27. Rxc8+ Nxc8 28. Kf2 Nb6 29. Nf3 Na4 30. Ng1 Rd7 31. Rc1 b5 32. Nxh3 a5 33. Ng1 Nb2 34. Ke2 axb4 35. axb4 Ra7 36. h4 Ra2 37. Rc2 Ra1 38. Nf3 Na4 39. Rc1 Ra2 40. Ke1 Nb2 41. Ke2 Na4 42. Kf1 Kb7 43. h5 Bf8 44. Ke1 Nb2 45. Ke2 Na4 46. Kf1 Nb2 47. Rc2 Ra1+ 48. Ke2 Rb1 49. Nxd4 Na4 50. Nc6 Nb6 51. Nd8+ Ka7 52. Nxf7 Nd5 53. h6 Rh1 54. Be3+ Kb7 55. Bc5 Rh2+ 56. Kd1 Rxc2 57. Kxc2 Bxc5 58. bxc5 Ne7 59. h7 Ng6 60. h8=Q Nxh8 61. Nxh8 Kc6 62. d4 Kd5 63. Kd3 b4 64. Ng6 b3 65. Ne7# 1-0


[Site "https://www.chess.com"]